 Dungeon Crawl Stone Soup version 0.17.1-1-g73c8601 (webtiles) character file.

489 PossumBlood the Chopper (level 7, 0/52 HPs)
             Began as a Formicid Fighter on Dec 19, 2015.
             Succumbed to poison (a potion of poison)
             ... on level 4 of the Dungeon.
             The game lasted 00:07:27 (2425 turns).

PossumBlood the Chopper (Formicid Fighter)          Turns: 2425, Time: 00:07:27

Health: 0/52       AC:  9    Str: 26 (27) XL:     7   Next: 36%
Magic:  7/7        EV:  8    Int:  8      God:
Gold:   123        SH:  9    Dex:  9 (10) Spells: 0 memorised, 6 levels left

rFire  . . .     SeeInvis +     a - +1 war axe
rCold  . . .     Clarity  .     b - +0 scale mail
rNeg   . . .     SustAt   .     c - +0 shield
rPois  .         Gourm    .     (helmet unavailable)
rElec  .         Spirit   .     (no cloak)
rCorr  .         Warding  .     (no gloves)
rMut   .         Stasis   +     r - +1 pair of boots
MR     .....                    (no amulet)
Stlth  ..........               (no ring)
                                (no ring)

@: mighty, lethally poisoned (0 -> -8), not resistant to hostile enchantments,
extremely unstealthy
A: permanent stasis, dig shafts and tunnels, four strong arms, antennae 3
a: Dig, Shaft Self


You were on level 4 of the Dungeon.
You were not hungry.

You visited 1 branch of the dungeon, and saw 4 of its levels.

You collected 123 gold pieces.

Inventory:

Hand Weapons
 a - a +1 war axe (weapon)
Armour
 b - a +0 scale mail (worn)
 c - a +0 shield (worn)
 r - a +1 pair of boots (worn)
Wands
 o - a wand of magic darts (22)
Scrolls
 i - 5 scrolls of identify
 m - a scroll of amnesia {unknown}
 q - a scroll of remove curse
Potions
 h - a potion of cancellation
 j - a potion of magic {unknown}
 n - a potion of heal wounds {unknown}
Comestibles
 e - 2 bread rations
 g - 4 meat rations
 k - 2 beef jerkies


   Skills:
 - Level 3.2 Fighting
 * Level 7.5 Axes
 - Level 3.2 Armour
 - Level 3.6 Shields


You had 6 spell levels left.
You didn't know any spells.

Dungeon Overview and Level Annotations

Branches:
Dungeon (4/15)
 Temple: D:4-7

Altars:
Elyvilon
Gozag
Nemelex Xobeh

Annotations:
D:4 Eustachio


Innate Abilities, Weirdness & Mutations

You are under a permanent stasis effect.
You can dig through walls and to a lower floor.
Your four strong arms can wield two-handed weapons with a shield.
You have a pair of large antennae on your head (SInv).


Message History

You feel your strength returning.
You miss the quasit.
The quasit is lightly wounded.
The bat hits you but does no damage. The quasit barely misses you.
You block the quasit's attack.
The quasit claws you but does no damage.
You closely miss the quasit.
The quasit is lightly wounded.
You completely miss the bat. You block the bat's attack. The quasit bites you.
* * * LOW HITPOINT WARNING * * *
The quasit claws you but does no damage. x2
The crimson imp blinks!
The quasit bites you.
* * * LOW HITPOINT WARNING * * *
You feel clumsy.
The quasit claws you but does no damage. x2
Drink which item? (? for menu, Esc to quit)
It was a potion of poison.
That liquid tasted very nasty...
You are lethally poisoned!
You die...

#.
#.#............
#.#.###........
#.............
###.#..@.....
#.#.#r#.####.
#.#.#5.......
#.#.#.#.b....
#............
#{..#@5#####.
...........#
#####..........
#...#..####
#...#..#
#.......
#...##.## #...#
..


You could see Eustachio, a quasit, a river rat, a shadow imp and a bat.

Vanquished Creatures
  The ghost of TugoseryaHuesosov the Ruffian, an amateur DrMo (D:4)
  A phantom (D:4)
  The ghost of antares the Magician, an amateur DEWz (D:3)
  An orc priest (D:3)
  Terence (D:3)
  A worker ant (D:3)
  Robin (D:3)
  3 adders
  A worm (D:3)
  5 orcs (D:3)
  2 ball pythons
  15 goblins
  12 hobgoblins
  7 jackals
  4 bats
  2 giant geckos
  6 giant newts
  6 kobolds
  7 rats
77 creatures vanquished.

Notes
Turn   | Place    | Note
--------------------------------------------------------------
     0 | D:1      | PossumBlood the Formicid Fighter began the quest for the Orb.
     0 | D:1      | Reached XP level 1. HP: 18/18 MP: 1/1
   216 | D:1      | Reached XP level 2. HP: 17/24 MP: 2/2
   640 | D:1      | Reached XP level 3. HP: 25/29 MP: 3/3
   982 | D:2      | Found a faded altar to an unknown god.
  1286 | D:3      | Noticed Robin
  1296 | D:3      | Reached XP level 4. HP: 13/35 MP: 4/4
  1296 | D:3      | Killed Robin
  1296 | D:3      | Reached skill level 4 in Axes
  1304 | D:3      | Reached XP level 5. HP: 15/41 MP: 5/5
  1701 | D:3      | Reached skill level 5 in Axes
  1812 | D:3      | Found a white marble altar of Elyvilon.
  1835 | D:3      | Found a sparkling altar of Nemelex Xobeh.
  1837 | D:3      | Noticed antares's ghost (amateur DEWz)
  1847 | D:3      | Killed antares's ghost
  1847 | D:3      | Reached XP level 6. HP: 38/47 MP: 6/6
  1848 | D:3      | Found an opulent altar of Gozag.
  1956 | D:3      | Reached skill level 6 in Axes
  2067 | D:3      | Noticed Terence
  2078 | D:3      | Killed Terence
  2396 | D:4      | Noticed Eustachio
  2402 | D:4      | Noticed TugoseryaHuesosov's ghost (amateur DrMo)
  2423 | D:4      | Killed TugoseryaHuesosov's ghost
  2423 | D:4      | Reached skill level 7 in Axes
  2423 | D:4      | Reached XP level 7. HP: 5/52 MP: 7/7
  2424 | D:4      | HP: 2/52 [quasit[Eustachio] (3)]
  2425 | D:4      | Succumbed to poison (a potion of poison)

Action                   |  1- 3 |  4- 6 |  7- 9 || total
-------------------------+-------+-------+-------++-------
Melee: War axe           |   103 |   134 |     1 ||   238
  Use: Potion            |       |     5 |     1 ||     6
       Scroll            |       |     5 |       ||     5
  Eat: Bread ration      |     1 |       |       ||     1
       Royal jelly       |       |     1 |       ||     1
